 Dungeon Crawl Stone Soup version 0.28-a0-819-g6ef7baa362 (console) character file.

Game seed: 13654920687479514188

106 petzl the Vexing (level 4, -6/29 HPs)
             Began as an Octopode Arcane Marksman on Nov 9, 2021.
             Mangled by a killer bee (10 damage)
             ... on level 4 of the Dungeon.
             The game lasted 00:06:17 (2532 turns).

petzl the Vexing (Octopode Arcane Marksman)         Turns: 2532, Time: 00:06:17

Health: -6/29      AC:  1    Str:  9    XL:     4   Next: 84%
Magic:  6/6        EV: 13    Int: 16    God:
Gold:   76         SH:  4    Dex: 12    Spells: 5/6 levels left

rFire   . . .      SeeInvis .   b - +2 dagger (speed) {!f =f}
rCold   . . .      Faith    .   i - +0 buckler
rNeg    . . .      Spirit   .   (helmet restricted)
rPois   .          Reflect  .   (no amulet)
rElec   .          Harm     .   (no ring)
rCorr   .          Rampage  .   (no ring)
Will    .....                   (no ring)
Stlth   +++.......              (no ring)
HPRegen 0.09/turn               (no ring)
MPRegen 0.10/turn               (no ring)
                                (no ring)
                                (no ring)

@: lethally poisoned (-6 -> -23), about to teleport
A: almost no armour, amphibious, 8 rings, camouflage 1, gelatinous body 1,
(nimble swimmer 1), tentacles
a: no special abilities


You were on level 4 of the Dungeon.
You visited 1 branch of the dungeon, and saw 4 of its levels.

You collected 76 gold pieces.

Inventory:

Hand Weapons
 a - a +0 hand crossbow
 b - a +2 dagger of speed (weapon) {!f =f}
Missiles
 c - 14 bolts
 l - 2 poisoned darts (quivered)
Armour
 i - a +0 buckler (worn)
Wands
 m - a wand of iceblast (4)
 n - a wand of polymorph (9)
Scrolls
 d - 2 scrolls of amnesia {unknown}
 g - a scroll of fear {unknown}
 h - a scroll of teleportation
 k - a scroll of fog {unknown}
Potions
 e - a potion of cancellation {unknown}
 f - a potion of degeneration {unknown}
 j - a potion of curing


   Skills:
 + Level 1.8 Fighting
 + Level 2.6 Crossbows
 + Level 2.4 Dodging
 + Level 2.1 Stealth
 * Level 2.0 Shields
 + Level 1.6 Spellcasting
 - Level 3.0 Hexes


You had 5 spell levels left.
You knew the following spells:

 Your Spells              Type           Power      Damage    Failure   Level
a - Slow                  Hex            40%        N/A       8%          1

Your spell library contained the following spells:

 Spells                   Type           Power      Damage    Failure   Level
 Scorch                   Fire           2%         2d5       38%         2
 Inner Flame              Hex/Fire       6%         N/A       41%         3
 Portal Projectile        Hex/Tloc       12%        N/A       41%         3
 Cause Fear               Hex            5%         N/A       61%         4
 Flame Wave               Conj/Fire      1%         3d3       95%         4
 Summon Cactus Giant      Summ           0%         N/A       100%        6


Dungeon Overview and Level Annotations

Branches:
Dungeon (4/15)
 Temple: D:4-7

Altars:
Kikubaaqudgha

Annotations:
D:4 Grinder, Pikel


Innate Abilities, Weirdness & Mutations

You cannot wear most types of armour.
You are amphibious.
You can wear up to eight rings at the same time.
Your skin changes colour to match your surroundings (Stealth+).
Your rubbery body absorbs attacks. (AC +1, EV +1)
((You are camouflaged near water. (Stealth+)))
You have tentacles for arms and can constrict up to eight enemies at once.


Message History

You closely miss the killer bee. You grab the killer bee.
You constrict the killer bee, but do no damage.
The killer bee stings you!
You are poisoned.
The killer bee poisons you! The killer bee closely misses you.
The killer bee completely misses you. The lemure barely misses you.
Unknown command.
Unknown command.
It was a potion of curing.
You feel better.
You constrict the killer bee.
The killer bee misses you. x2; The killer bee barely misses you.
The killer bee stings you! The killer bee stings you.
The killer bee misses you. You block the lemure's attack.
Aiming: Polymorph
Press: ? - help, Shift-Dir - straight line, f - killer bee, p - lemure
Aim: a killer bee (constricted by you, will become a swamp drake, a bat, or a fire bat, chance to affect: 54%)
Okay, then.
Unknown command.
Unknown command.
Unknown command.
Okay, then.
As you read the scroll labelled BUWEWK HIOSMYRY, it crumbles to dust.
You feel strangely unstable.
It was a scroll of teleportation.
You constrict the killer bee. The killer bee closely misses you.
The killer bee stings you.
You are poisoned.
The killer bee poisons you! The killer bee misses you.
The killer bee stings you. The killer bee closely misses you.
The killer bee stings you.
You are lethally poisoned!
The killer bee poisons you! The lemure barely misses you.
You feel better.
You constrict the killer bee. The killer bee stings you.
* * * LOW HITPOINT WARNING * * *
You are poisoned.
The killer bee poisons you! The killer bee misses you.
The killer bee stings you.
* * * LOW HITPOINT WARNING * * *
The killer bee stings you.
* * * LOW HITPOINT WARNING * * *
You are more poisoned.
The killer bee poisons you! You block the killer bee's attack.
The killer bee stings you!
You die...

.....#.#.#...##.##.......#.####
#.#...###.......(....#####.#
##...#.#.#...#.####### ...
#....##.##.(.#... ...#
<#########(#####.# ...# ## .(..
.# ## ...##. . ## .# >... .. ..
....###### .# .... .# ..
........<. # (.... .#
.....##.## .# .(.... ##. .
#...... .##.5 ..# #.#####...
..... ... . #......5## ####.
#.# .. #######... ..#
##########.# ... #.K... #.#
#.......##.# ....#####.#..#
#.##.#.#####.##.#####
........#.#..#
.....#.##......†.y5y#
..5.5.[.5.#...
#.####.##.##.##.###@#
..K.........?$
#.........##.##.#
#yy...!........#####.
######.......##S#
#.####.......(.# . ##########..
..# ...>....# . ###.###
........# .. ...#....# ##
......... #..#####.


You could see a lemure and 4 killer bees.

Vanquished Creatures
  2 hound skeletons (D:4)
  3 adders
  2 dart slugs
  A worm (D:4)
  2 orcs (D:3)
  3 bats
  4 endoplasms
  2 giant cockroaches
  10 goblins
  A hobgoblin (D:1)
  3 quokkas
  4 ball pythons
  A frilled lizard (D:1)
  2 kobolds
  4 rats (D:1)
44 creatures vanquished.

Notes
Turn   | Place    | Note
-------+----------+-------------------------------------------
     0 | D:1      | petzl the Octopode Arcane Marksman began the quest for the
                  | Orb.
     0 | D:1      | Reached XP level 1. HP: 13/13 MP: 2/2
   128 | D:1      | Reached XP level 2. HP: 18/18 MP: 3/3
   192 | D:1      | Reached skill level 1 in Stealth
   192 | D:1      | Found a faded altar of an unknown god.
   425 | D:1      | Reached skill level 1 in Shields
   785 | D:2      | Reached XP level 3. HP: 20/23 MP: 4/4
   926 | D:2      | Found an ancient bone altar of Kikubaaqudgha.
  1898 | D:3      | Reached XP level 4. HP: 28/28 MP: 6/6
  2082 | D:4      | Noticed a scorpion
  2274 | D:4      | Noticed a lemure
  2274 | D:4      | Noticed a lemure
  2275 | D:4      | Noticed a lemure
  2275 | D:4      | Noticed a lemure
  2275 | D:4      | Noticed Pikel
  2285 | D:4      | Noticed Grinder
  2532 | D:4      | Mangled by a killer bee

Illustrated notes

Levels and vault maps discovered:
D:1:      dpeg_arrival_orchard, layout_loops_ring,
          hellmonk_ecumenical_altar_prayer_group
D:2:      layout_loops_corners, basic_altar
D:3:      layout_basic, minmay_misc_feat_rows, nrook_campfire
D:4:      layout_loops_cross, uniq_grinder, uniq_pikel

Skill      XL: |  1  2  3  4 |
---------------+-------------+-----
Stealth        | 1 2 |  2.1
Shields        | 1 2 |  2.0
Fighting       | |  1.8
Crossbows      | |  2.6
Dodging        | |  2.4
Spellcasting   | |  1.6
Hexes          | |  3.0

Action                   |  1- 3 |  4- 6 || total
-------------------------+-------+-------++-------
Melee: Dagger            |    34 |    19 ||    53
       Tentacles         |     3 |     4 ||     7
       Constrict         |     8 |     6 ||    14
 Fire: Hand crossbow     |    34 |    12 ||    46
Throw: Dart              |       |     6 ||     6
 Cast: Slow              |       |     3 ||     3
Evoke: Wand              |       |     1 ||     1
  Use: Potion            |       |     2 ||     2
       Scroll            |       |     1 ||     1
 Stab: Distracted        |     1 |       ||     1
       Sleeping          |     5 |       ||     5
Armor: Skin              |     3 |     1 ||     4
Dodge: Dodged            |    10 |    29 ||    39
Block: Buckler           |     7 |    10 ||    17

Table legend: (Time is in decaauts)
 A = Elapsed time spent in this place.
 B = Non-inter-level travel time spent in this place.
 C = Inter-level travel time spent in this place.
 D = Time resting spent in this place.
 E = Time spent auto-exploring this place.
 F = Levels seen in this place.
 G = Mean time per level.
                   A        B        C        D        E       F      G
               +--------+--------+--------+--------+--------+-----+--------+
         Total |   2532 |   2328 |    204 |    272 |   1617 |   4 |  633.0 |
       Dungeon |   2532 |   2328 |    204 |    272 |   1617 |   4 |  633.0 |
               +--------+--------+--------+--------+--------+-----+--------+

Top non-repeatable levels by time:
     D:2: 923 daAuts
     D:1: 669 daAuts
     D:3: 486 daAuts
     D:4: 452 daAuts
